 Dungeon Crawl Stone Soup version 0.30.0-5-g1a98f26d00 (webtiles) character file.

Game seed: 101613124021911787

1411 GigaChad the Cleaver (level 9, -4/68 HPs)
             Began as a Formicid Fighter on May 12, 2023.
             Was a High Priest of Ignis.
             Slain by a gnoll
             ... wielding a +0 halberd
             ... led by a gnoll sergeant
              (11 damage)
             ... on level 6 of the Dungeon.
             The game lasted 00:07:14 (4189 turns).

GigaChad the Cleaver (Formicid Fighter)             Turns: 4189, Time: 00:07:15

Health: -4/68      AC: 12    Str: 25    XL:     9   Next: 1%
Magic:  9/9        EV:  7    Int:  8    God:    Ignis [*****.]
Gold:   318        SH:  6    Dex: 19    Spells: 8/8 levels left

rFire   + . .        w - +0 executioner's axe
rCold   . . .        c - +0 buckler
rNeg    . . .        j - +0 plate armour
rPois   .            (helmet unavailable)
rElec   .            (no cloak)
rCorr   .            (no gloves)
SInv    +            (no boots)
Will    .....        (no amulet) Stlth
                     g - +6 ring of dexterity
HPRegen 0.31/turn    (no ring)
MPRegen 0.11/turn

%: no passive effects
@: no status effects
A: permanent stasis, dig shafts and tunnels, antennae 3, four strong arms
a: Dig, Shaft Self, Renounce Religion, Fiery Armour, Foxfire Swarm, Rising Flame


You were on level 6 of the Dungeon.
You worshipped Ignis.
Ignis was extremely pleased with you.
You visited 1 branch of the dungeon, and saw 6 of its levels.

You collected 318 gold pieces.

Inventory:

Hand Weapons
 a - a +0 war axe
 k - the +1 dagger of the Coins {antimagic, Dex+3}
   (You found it on level 4 of the Dungeon)

   Dex:       It affects your dexterity (+3).
 r - a +0 scythe
 w - a +0 executioner's axe (weapon)
Armour
 b - a +0 scale mail
 c - a +0 buckler (worn)
 j - a +0 plate armour (worn)
Jewellery
 g - a +6 ring of dexterity (left hand)
Scrolls
 m - 2 scrolls of vulnerability
 n - 2 scrolls of blinking
 o - a scroll of noise {unknown}
 s - 4 scrolls of identify
 x - a scroll of enchant weapon {unknown}
Potions
 d - 4 potions of might
 e - 2 potions of mutation
 f - 6 potions of curing {unknown}
 h - a potion of attraction {unknown}
 i - 2 potions of lignification {unknown}
 l - 4 potions of haste {unknown}
 p - a potion of cancellation {unknown}
 q - 2 potions of flight {unknown}
 t - a potion of heal wounds {unknown}
 u - a potion of resistance {unknown}
 v - a potion of ambrosia {unknown}


   Skills:
 * Level 5.1 Fighting
 * Level 8.1 Axes
 * Level 6.0 Armour
 * Level 6.2 Shields


You had 8 spell levels left.
You didn't know any spells.
Your spell library contained the following spells:

 Spells                   Type           Power      Damage    Failure   Level
 Magic Dart               Conj           0%         1d3       100%        1


Dungeon Overview and Level Annotations

Branches:
Dungeon (6/15)
 Temple: D:4-7

Altars:
Elyvilon
Hepliaklqana
Kikubaaqudgha
Makhleb
Sif Muna
Uskayaw
Vehumet
Ignis


Innate Abilities, Weirdness & Mutations

You cannot be hasted, slowed, berserked, paralysed or teleported.
You can dig through walls and to a lower floor.
You have a pair of large antennae on your head. (SInv)
Your four strong arms can wield two-handed weapons with a shield.


Message History

Unknown command.
Unknown command.
You slice the orc priest!!
You kill the orc priest!
You closely miss the gnoll. You hit the bullfrog zombie.
The bullfrog zombie hits you.
The gnoll sergeant splashes around in the water.
The gnoll hits you but does no damage. You block the gnoll's attack.
An orc comes into view. It is wielding a +0 club.
You block the orc's attack.
The bullfrog zombie hits you but does no damage.
The gnoll hits you from afar with a +0 halberd.
* * * LOW HITPOINT WARNING * * *
You have reached level 9!
Your experience leads to an increase in your attributes!
Your base attributes are Str 23, Int 8, Dex 13.
Increase (S)trength, (I)ntelligence, or (D)exterity?
You feel stronger. x2
Unknown command.
You closely miss the gnoll. You closely miss the orc.
The orc shouts!
You slash the bullfrog zombie! The bullfrog zombie hits you.
* * * LOW HITPOINT WARNING * * *
The gnoll hits you with a +0 whip.
* * * LOW HITPOINT WARNING * * *
The gnoll hits you but does no damage.
The gnoll sergeant hits you from afar with a +0 heavy spear.
* * * LOW HITPOINT WARNING * * *
An orc priest comes into view. It is wielding a +0 whip.
The orc hits you but does no damage. The gnoll barely misses you.
You block the gnoll's attack. The gnoll hits you but does no damage.
The bullfrog zombie barely misses you.
The orc priest shouts!
You slice the gnoll!!
You kill the gnoll!
You closely miss the orc. You slash the bullfrog zombie!
You destroy the bullfrog zombie!
You block the orc's attack. You block the gnoll sergeant's attack.
The gnoll hits you from afar with a +0 halberd!
You die...

......###..###
......~..<...
#..~~~...#.
#..~~~....
#.g~~...#
#.ggg~..###
#.Pg~)....#
#@# #o# #Z#
#.# #o# .o.
... { .#. ..
.#


You could see a gnoll sergeant, an orc priest, 4 gnolls, 2 orcs and a water
moccasin skeleton.

Vanquished Creatures
  Eustachio (D:5)
  Sigmund (D:3)
  Edmund (D:4)
  A sky beast (D:5)
  2 black bears
  2 ogres (D:4)
  A scorpion (D:5)
  A bullfrog zombie (D:6)
  2 jellies
  3 orc priests
  A hound (D:5)
  2 iguanas
  Jessica (D:3)
  Natasha (D:3)
  An orc wizard (D:4)
  A killer bee zombie (D:6)
  A howler monkey zombie (D:6)
  Robin (D:4)
  A gnoll (D:6)
  An adder (D:2)
  2 shadow imps
  2 ufetubi
  4 worms
  A dart slug (D:3)
  8 orcs
  3 bats
  5 endoplasms
  A giant cockroach (D:2)
  13 goblins
  10 hobgoblins
  11 jackals
  8 kobolds
  4 quokkas
  8 ball pythons
  2 frilled lizards
  2 rats
110 creatures vanquished.

Notes
Turn   | Place    | Note
-------+----------+-------------------------------------------
     0 | D:1      | GigaChad the Formicid Fighter began the quest for the Orb.
     0 | D:1      | Reached XP level 1. HP: 18/18 MP: 1/1
    24 | D:1      | Reached XP level 2. HP: 24/24 MP: 2/2
   302 | D:1      | Reached XP level 3. HP: 29/29 MP: 3/3
   895 | D:2      | Reached XP level 4. HP: 37/37 MP: 4/4
   952 | D:2      | Found a faded altar of an unknown god.
   969 | D:2      | Prayed at the altar of an unknown god.
   969 | D:2      | Became a worshipper of Ignis, the Dying Flame
  1098 | D:3      | Reached skill level 3 in Axes
  1116 | D:3      | Noticed Jessica
  1123 | D:3      | Killed Jessica
  1130 | D:3      | Noticed Sigmund
  1146 | D:3      | Killed Sigmund
  1147 | D:3      | Reached skill level 4 in Axes
  1147 | D:3      | Reached XP level 5. HP: 39/42 MP: 5/5
  1147 | D:3      | Reached XP level 6. HP: 44/48 MP: 6/6
  1284 | D:3      | Noticed Natasha
  1292 | D:3      | Killed Natasha
  1293 | D:3      | Reached skill level 5 in Shields
  1400 | D:3      | Found a hazy altar of Hepliaklqana.
  1724 | D:4      | Identified the +1 dagger of the Coins {antimagic, Dex+3}
  1744 | D:4      | Noticed a black bear
  1760 | D:4      | Killed a black bear
  1761 | D:4      | Reached skill level 5 in Axes
  1761 | D:4      | Reached XP level 7. HP: 22/54 MP: 7/7
  2151 | D:4      | Noticed Edmund
  2164 | D:4      | Killed Edmund
  2165 | D:4      | Reached skill level 5 in Armour
  2245 | D:4      | Found a burning altar of Makhleb.
  2247 | D:4      | Noticed an Executioner
  2339 | D:4      | Found a white marble altar of Elyvilon.
  2409 | D:4      | Noticed Robin
  2421 | D:4      | Killed Robin
  2441 | D:4      | Reached skill level 6 in Axes
  2464 | D:4      | Reached XP level 8. HP: 24/61 MP: 8/8
  3046 | D:4      | Found a radiant altar of Vehumet.
  3050 | D:4      | Found an ancient bone altar of Kikubaaqudgha.
  3051 | D:4      | Found a shimmering blue altar of Sif Muna.
  3059 | D:4      | Got Vehumet's Handbook of Concussion
  3224 | D:5      | Entered Level 5 of the Dungeon
  3274 | D:5      | Reached skill level 7 in Axes
  3591 | D:5      | Noticed a +0 hand axe
  3591 | D:5      | Noticed a +0 dagger
  3595 | D:5      | Found a hide-covered altar of Uskayaw.
  3934 | D:5      | Noticed Eustachio
  3964 | D:5      | Killed Eustachio
  4183 | D:6      | Reached skill level 5 in Fighting
  4185 | D:6      | Reached skill level 8 in Axes
  4188 | D:6      | Reached XP level 9. HP: 16/68 MP: 9/9
  4189 | D:6      | Slain by a gnoll

Illustrated notes

Levels and vault maps discovered:
D:1:      ebering_trefoil_3fold, layout_loops_ring, minmay_pentomino_r2
D:2:      layout_rooms, dreamdust_ecumenical_altar_statues
D:3:      layout_rooms, mainiacjoe_overflow_concentric_impassable, uniq_sigmund,
          uniq_jessica, uniq_natasha
D:4:      layout_loops_ring, grunt_temple_overflow_magic_moments,
          elyvilon_altar_3, makhleb_altar_promises_db, serial_bayou_ford_a,
          mrwooster_statue_mirror, uniq_edmund, uniq_robin
D:5:      layout_basic, dancing_weapons_uskayaw, uniq_eustachio
D:6:      layout_loops_cross, minmay_temple_entry_tees, serial_undead,
          serial_undead_f, serial_undead_f, serial_undead_a, serial_undead_a,
          minmay_hedge_maze, uniq_prince_ribbit1

Skill      XL: |  1  2  3  4  5  6  7  8 |
---------------+-------------------------+-----
Axes           | 4 5 6 8 |  8.1
Fighting       | 4 5 |  5.1
Armour         | 4 5 6 |  6.0
Shields        | 5 6 |  6.2

Action                     |  1- 3 |  4- 6 |  7- 9 || total
---------------------------+-------+-------+-------++-------
  Melee: War axe           |    70 |    77 |   103 ||   250
         Executioner's axe |       |       |    60 ||    60
    Use: Scroll            |     2 |     6 |       ||     8
 Armour: Scale mail        |    19 |       |       ||    19
         Plate armour      |    23 |    51 |   146 ||   220
  Dodge: Dodged            |    25 |    21 |    72 ||   118
  Block: Buckler           |    26 |    18 |    60 ||   104
